Canadiens vs BlackHawks

Created - 15 janvier 2019 at 22:11

Goals
1 2 3 T
Canadiens 2 1 1 4
BlackHawks 2 0 1 3
Shots
1 2 3 T
Canadiens 11 17 11 39
BlackHawks 5 6 17 28

1st period

1. Canadiens , Nick Shore 3 (Artturi Lehkonen 5, Ivan Provorov 20) at 2:18
2. BlackHawks , Radim Vrbata 4 (Shea Weber 18, Andrew Copp 14) at 8:10
3. Canadiens , Ron Hainsey 4 (Jordan Eberle 19, Teuvo Teravainen 11) at 9:28
4. BlackHawks , Anze Kopitar 14 (Kyle Palmieri 16, Darnell Nurse 14) at 16:25

Penalties :
Ron Hainsey (MTL) for Hooking (Minor) at 5:06, Blake Comeau (CHI) for Roughing (Minor) at 11:17, Kyle Palmieri (CHI) for Roughing (Minor) at 14:01

2nd period

5. Canadiens , Brian Gibbons 3 (Justin Abdelkader 3) at 4:02

Penalties :
Darnell Nurse (CHI) for Cross-checking (Minor) at 1:51, Scott Laughton (CHI) for Delaying the game (Minor) at 7:09, Shea Weber (CHI) for Hooking (Minor) at 18:24

3rd period

6. Canadiens , Brian Gibbons 4 (Justin Abdelkader 4, Zack Smith 10) at 1:18
7. BlackHawks , Kyle Palmieri 12 (Shea Weber 19, Anze Kopitar 23) at 3:59 (PP)

Penalties :
Justin Abdelkader (MTL) for Hooking (Minor) at 3:37, Jordan Eberle (MTL) for Hooking (Minor) at 4:39, Josh Morrissey (MTL) for Hooking (Minor) at 6:42

Goalie Stats

Jonathan Bernier (MTL), 25 saves from 28 shots - (0.893), W, 5-0-0, 60:00 minutes
Carey Price (CHI), 35 saves from 39 shots - (0.897), L, 16-13-3, 59:26 minutes

Players Stats for Canadiens

Player Name              G  A  P  +/- PIM S  H  SB GA TA FO     MP     PP MP  PK MP  
------------------------------------------------------------------------------------
Alexander Edler          0  0  0   2  0   2  4  4  0  0  0/0    25:11   5:22   3:34 
Artturi Lehkonen         0  1  1   0  0   0  1  0  0  0  0/0     4:36   0:00   0:00 
Auston Matthews          0  0  0   1  0   3  2  0  0  0  15/32  24:22   4:20   3:59 
Brian Gibbons            2  0  2   1  0   7  1  0  0  0  1/2    14:27   0:00   3:05 
Cam Fowler               0  0  0   2  0   0  0  3  0  0  0/0    18:54   0:00   3:35 
Ivan Provorov            0  1  1   1  0   3  3  2  0  0  0/0    23:59   5:00   3:00 
Jakob Silfverberg        0  0  0   0  0   5  0  0  0  0  0/2    18:33   5:35   0:54 
Jordan Eberle            0  1  1   1  2   1  3  0  0  0  0/1    20:03   4:20   0:00 
Josh Morrissey           0  0  0  -1  2   1  0  0  0  0  0/0    17:22   4:55   0:00 
Justin Abdelkader        0  2  2   1  2   1  2  0  0  0  1/1    11:21   0:00   0:00 
Marcus Johansson         0  0  0   0  0   3  0  0  0  0  0/0    17:20   5:35   0:00 
Matt Calvert             0  0  0   0  0   0  0  0  0  0  0/0     6:56   0:00   2:20 
Michael Stone            0  0  0  -1  0   2  0  0  0  0  0/0    12:47   0:00   0:19 
Nick Shore               1  0  1   0  0   2  1  0  0  0  4/9     4:55   0:00   0:00 
Ron Hainsey              1  0  1   1  2   2  0  0  0  0  0/0    21:45   4:33   2:10 
Teuvo Teravainen         0  1  1   1  0   3  3  0  0  0  1/1    20:04   4:20   0:00 
Tyson Jost               0  0  0   0  0   4  0  0  0  0  10/25  17:20   5:35   0:00 
Zack Smith               0  1  1   1  0   0  0  0  0  0  9/15   13:42   0:00   2:20 

Players Stats for BlackHawks

Player Name              G  A  P  +/- PIM S  H  SB GA TA FO     MP     PP MP  PK MP  
------------------------------------------------------------------------------------
Alex Galchenyuk          0  0  0  -2  0   3  0  0  0  0  0/2    17:59   2:56   1:58 
Andrew Copp              0  1  1   1  0   0  1  0  0  0  3/6     8:24   0:00   3:51 
Anze Kopitar             1  1  2   0  0   4  0  0  0  0  17/28  21:38   3:23   0:20 
Blake Comeau             0  0  0  -1  2   3  4  0  0  0  1/3    13:16   0:00   5:04 
Boone Jenner             0  0  0   0  0   1  5  0  0  0  1/1    20:37   3:23   0:00 
Brady Skjei              0  0  0  -1  0   1  2  3  0  0  0/0    20:10   2:32   0:11 
Chris Tierney            0  0  0  -1  0   2  0  0  0  0  4/10    8:13   0:00   0:00 
Corey Perry              0  0  0  -2  0   2  1  0  0  0  0/2    16:01   2:56   0:00 
Darnell Nurse            0  1  1  -1  2   0  1  3  0  0  0/0    23:32   2:32   3:34 
Dion Phaneuf             0  0  0   0  0   1  5  1  0  0  0/0    25:00   3:47   5:19 
Jay Beagle               0  0  0  -1  0   0  2  0  0  0  7/12   14:34   0:00   6:21 
Johnny Oduya             0  0  0  -1  0   0  2  2  0  0  0/0    12:11   0:00   1:46 
Karl Alzner              0  0  0  -1  0   1  1  2  0  0  0/0    15:06   0:00   4:41 
Kyle Palmieri            1  1  2   0  2   4  2  1  0  0  0/1    21:17   3:23   0:00 
Radim Vrbata             1  0  1   1  0   1  0  0  0  0  0/0     4:33   0:00   0:00 
Ryan OReilly             0  0  0  -2  0   1  0  0  0  0  12/20  16:42   2:56   0:00 
Scott Laughton           0  0  0   1  2   0  2  0  0  0  2/3     6:48   0:00   2:16 
Shea Weber               0  2  2   0  2   4  1  2  0  0  0/0    23:59   3:47   4:19 

3 Stars

1 - Brian Gibbons (MTL)
2 - Anze Kopitar (CHI)
3 - Ivan Provorov (MTL)

Power Play

Canadiens - 0 on 5 Attempt(s) - 0.00%
BlackHawks - 1 on 4 Attempt(s) - 25.00%

Penalty Kill

Canadiens - 3 on 4 Attempt(s) - 75.00% - Score 0 goal in Penalty Kill
BlackHawks - 5 on 5 Attempt(s) - 100.00% - Score 0 goal in Penalty Kill

Team Stat

Canadiens - Hits : 20 - Faceoff Wins : 41 - Blocked Shots : 9 - Penalty Minutes : 8
BlackHawks - Hits : 29 - Faceoff Wins : 47 - Blocked Shots : 14 - Penalty Minutes : 10

Official

Referees : Tim Peel and Eric Furlatt
Linesman : Don Henderson and Shane Heyer

Game Notes

No Game Note

Finance

Level 1 -- Attendance: 5646 (86.86%) -- Ticket Income 621 060 $
Level 2 -- Attendance: 4937 (98.74%) -- Ticket Income 370 275 $
Level 3 -- Attendance: 3221 (92.03%) -- Ticket Income 180 376 $
Level 4 -- Attendance: 2780 (74.79%) -- Ticket Income 111 200 $
Luxury Box -- Attendance: 945 (94.50%) -- Ticket Income 188 055 $
Game was played at the United Center.
Total Attendance: 17529 (88.90%)
Total Ticket Income: 1 470 966 $
Other Income: 720 773 $
Total Income: 2 191 739 $

% Time on Ice - Canadiens

Lines # - Real PCT - Wanted PCT - Time Play
Normal Forward
1 - 36% - 40% - 15:44
2 - 27% - 30% - 11:45
3 - 26% - 20% - 11:22
4 - 11% - 10% - 4:36
Normal Defense
1 - 35% - 35% - 15:00
2 - 35% - 35% - 15:03
3 - 29% - 25% - 12:28
4 - 2% - 5% - 0:56
PP Forward
1 - 44% - 65% - 4:20
2 - 56% - 35% - 5:35
PP Defense
1 - 50% - 50% - 5:00
2 - 50% - 50% - 4:55
PK Forward
1 - 63% - 55% - 3:59
2 - 37% - 45% - 2:20
PK Defense
1 - 47% - 55% - 3:00
2 - 53% - 45% - 3:19
PK3 Forward
1 - 0% - 60%
2 - 0% - 40%
PK3 Defense
1 - 0% - 55%
2 - 0% - 45%
44 Forward
1 - 0% - 50%
2 - 0% - 50%
44 Defense
1 - 0% - 50%
2 - 0% - 50%
Last Minute Offensive  - 0:00
Last Minute Defensive  - 0:19
Total
Forward - 60:00
Defense - 60:00

% Time on Ice - BlackHawks

Lines # - Real PCT - Wanted PCT - Time Play
Normal Forward
1 - 40% - 40% - 17:14
2 - 30% - 30% - 13:05
3 - 19% - 20% - 8:13
4 - 11% - 10% - 4:33
Normal Defense
1 - 33% - 40% - 14:09
2 - 41% - 30% - 17:27
3 - 24% - 20% - 10:25
4 - 2% - 10% - 1:04
PP Forward
1 - 54% - 60% - 3:23
2 - 46% - 40% - 2:56
PP Defense
1 - 60% - 60% - 3:47
2 - 40% - 40% - 2:32
PK Forward
1 - 69% - 60% - 6:52
2 - 31% - 40% - 3:03
PK Defense
1 - 51% - 60% - 5:03
2 - 49% - 40% - 4:52
PK3 Forward
1 - 0% - 60%
2 - 0% - 40%
PK3 Defense
1 - 0% - 60%
2 - 0% - 40%
44 Forward
1 - 0% - 60%
2 - 0% - 40%
44 Defense
1 - 0% - 60%
2 - 0% - 40%
Last Minute Offensive  - 0:41
Last Minute Defensive  - 0:00
Total
Forward - 60:00
Defense - 60:00

Play-by-Play

1st period


0:01 of 1st period - Anze Kopitar wins face-off versus Auston Matthews in neutral zone.
0:03 of 1st period - Shea Weber is hit by Jordan Eberle and loses puck.
0:10 of 1st period - Shot by Shea Weber.
0:10 of 1st period - Shot Hit the Post.
0:12 of 1st period - Shot by Kyle Palmieri.
0:12 of 1st period - Shot Misses the Net.
0:14 of 1st period - Shot by Anze Kopitar.
0:14 of 1st period - Deflect By Kyle Palmieri.
0:14 of 1st period - Shot Misses the Net.
0:16 of 1st period - Shot by Anze Kopitar.
0:16 of 1st period - Shot Blocked by Cam Fowler.
0:21 of 1st period - Kyle Palmieri is hit by Alexander Edler.
0:23 of 1st period - Shot by Anze Kopitar.
0:23 of 1st period - Shot Misses the Net.
0:25 of 1st period - Shot by Anze Kopitar.
0:25 of 1st period - Shot Misses the Net.
0:27 of 1st period - Shot by Anze Kopitar.
0:27 of 1st period - Deflect By Kyle Palmieri.
0:27 of 1st period - Shot Hit the Post.
0:29 of 1st period - Shot by Shea Weber.
0:29 of 1st period - Shot Misses the Net.
0:41 of 1st period - Shot by Anze Kopitar.
0:41 of 1st period - Deflect By Kyle Palmieri.
0:41 of 1st period - Shot Blocked by Alexander Edler.
1:15 of 1st period - Shot by Marcus Johansson.
1:15 of 1st period - Deflect By Jakob Silfverberg.
1:15 of 1st period - Shot Misses the Net.
1:18 of 1st period - Icing by Brady Skjei.
1:19 of 1st period - Zack Smith wins face-off versus Ryan OReilly in BlackHawks zone.
1:44 of 1st period - Shot by Justin Abdelkader.
1:44 of 1st period - Deflect By Brian Gibbons.
1:44 of 1st period - Stopped by Carey Price without a rebound.
1:45 of 1st period - Blake Comeau wins face-off versus Nick Shore in BlackHawks zone.
1:45 of 1st period - Blake Comeau is hit by Nick Shore.
2:16 of 1st period - Shot by Artturi Lehkonen.
2:16 of 1st period - Shot Blocked by Johnny Oduya.
2:18 of 1st period - Shot by Nick Shore.
2:18 of 1st period - Goal by Nick Shore - Canadiens : 1 - BlackHawks : 0.
2:19 of 1st period - Andrew Copp wins face-off versus Jakob Silfverberg in neutral zone.
2:32 of 1st period - Shot by Jakob Silfverberg.
2:32 of 1st period - Shot Misses the Net.
2:42 of 1st period - Michael Stone is hit by Andrew Copp and loses puck.
3:43 of 1st period - Kyle Palmieri is hit by Teuvo Teravainen and loses puck.
3:56 of 1st period - Icing by Johnny Oduya.
3:57 of 1st period - Zack Smith wins face-off versus Anze Kopitar in BlackHawks zone.
4:04 of 1st period - Shot by Brian Gibbons.
4:04 of 1st period - Stopped by Carey Price without a rebound.
4:05 of 1st period - Chris Tierney wins face-off versus Zack Smith in BlackHawks zone.
4:05 of 1st period - Chris Tierney is hit by Justin Abdelkader.
4:17 of 1st period - Ivan Provorov is hit by Blake Comeau.
4:33 of 1st period - Justin Abdelkader is hit by Blake Comeau and loses puck.
5:06 of 1st period - Minor Penalty to Ron Hainsey for Hooking.
5:07 of 1st period - Auston Matthews wins face-off versus Anze Kopitar in Canadiens zone.
5:07 of 1st period - Auston Matthews is hit by Boone Jenner.
5:37 of 1st period - Shot by Kyle Palmieri.
5:37 of 1st period - Shot Blocked by Alexander Edler.
5:56 of 1st period - Off-side.
5:57 of 1st period - Zack Smith wins face-off versus Ryan OReilly in neutral zone.
6:27 of 1st period - Darnell Nurse is hit by Brian Gibbons and loses puck.
7:35 of 1st period - Shot by Blake Comeau.
7:35 of 1st period - Shot Hit the Post.
7:37 of 1st period - Shot by Karl Alzner.
7:37 of 1st period - Stopped by Jonathan Bernier without a rebound.
7:38 of 1st period - Nick Shore wins face-off versus Andrew Copp in Canadiens zone.
7:38 of 1st period - Nick Shore is hit by Scott Laughton.
7:45 of 1st period - Ivan Provorov is hit by Dion Phaneuf and loses puck.
7:53 of 1st period - Shea Weber is hit by Ivan Provorov and loses puck.
8:10 of 1st period - Shot by Radim Vrbata.
8:10 of 1st period - Goal by Radim Vrbata - Canadiens : 1 - BlackHawks : 1.
8:11 of 1st period - Anze Kopitar wins face-off versus Zack Smith in neutral zone.
8:35 of 1st period - Shot by Brian Gibbons.
8:35 of 1st period - Stopped by Carey Price without a rebound.
8:36 of 1st period - Ryan OReilly wins face-off versus Auston Matthews in BlackHawks zone.
8:36 of 1st period - Ryan OReilly is hit by Teuvo Teravainen.
8:52 of 1st period - Shot by Alex Galchenyuk.
8:52 of 1st period - Stopped by Jonathan Bernier without a rebound.
8:53 of 1st period - Anze Kopitar wins face-off versus Tyson Jost in Canadiens zone.
8:57 of 1st period - Anze Kopitar is hit by Alexander Edler and loses puck.
9:08 of 1st period - Shot by Anze Kopitar.
9:08 of 1st period - Stopped by Jonathan Bernier without a rebound.
9:09 of 1st period - Teuvo Teravainen wins face-off versus Ryan OReilly in Canadiens zone.
9:09 of 1st period - Ivan Provorov is hit by Corey Perry and loses puck.
9:26 of 1st period - Shot by Jordan Eberle.
9:26 of 1st period - Shot Blocked by Shea Weber.
9:28 of 1st period - Shot by Ron Hainsey.
9:28 of 1st period - Goal by Ron Hainsey - Canadiens : 2 - BlackHawks : 1.
9:29 of 1st period - Anze Kopitar wins face-off versus Tyson Jost in neutral zone.
9:32 of 1st period - Shot by Boone Jenner.
9:32 of 1st period - Shot Hit the Post.
9:43 of 1st period - Icing by Brady Skjei.
9:44 of 1st period - Anze Kopitar wins face-off versus Auston Matthews in BlackHawks zone.
10:13 of 1st period - Boone Jenner is hit by Teuvo Teravainen and loses puck.
11:17 of 1st period - Minor Penalty to Blake Comeau for Roughing.
11:18 of 1st period - Tyson Jost wins face-off versus Jay Beagle in BlackHawks zone.
11:21 of 1st period - Shot by Marcus Johansson.
11:21 of 1st period - Shot Misses the Net.
11:25 of 1st period - Shot by Marcus Johansson.
11:25 of 1st period - Shot Misses the Net.
11:29 of 1st period - Shot by Tyson Jost.
11:29 of 1st period - Stopped by Carey Price with a rebound.
11:31 of 1st period - Shot by Jakob Silfverberg.
11:31 of 1st period - Shot Misses the Net.
11:33 of 1st period - Shot by Jakob Silfverberg.
11:33 of 1st period - Shot Misses the Net.
11:35 of 1st period - Shot by Alexander Edler.
11:35 of 1st period - Shot Misses the Net.
11:37 of 1st period - Shot by Josh Morrissey.
11:37 of 1st period - Shot Misses the Net.
11:39 of 1st period - Shot by Alexander Edler.
11:39 of 1st period - Stopped by Carey Price without a rebound.
11:40 of 1st period - Jay Beagle wins face-off versus Tyson Jost in BlackHawks zone.
11:56 of 1st period - Icing by Jakob Silfverberg.
11:57 of 1st period - Tyson Jost wins face-off versus Jay Beagle in Canadiens zone.
12:06 of 1st period - Shot by Marcus Johansson.
12:06 of 1st period - Deflect By Jakob Silfverberg.
12:06 of 1st period - Shot Blocked by Darnell Nurse.
12:38 of 1st period - Shot by Jordan Eberle.
12:38 of 1st period - Shot Misses the Net.
12:45 of 1st period - Icing by Josh Morrissey.
12:46 of 1st period - Auston Matthews wins face-off versus Jay Beagle in Canadiens zone.
13:09 of 1st period - Shot by Jakob Silfverberg.
13:09 of 1st period - Shot Misses the Net.
13:54 of 1st period - Icing by Boone Jenner.
13:55 of 1st period - Anze Kopitar wins face-off versus Nick Shore in BlackHawks zone.
14:00 of 1st period - Cam Fowler is hit by Boone Jenner and loses puck.
14:01 of 1st period - Minor Penalty to Kyle Palmieri for Roughing.
14:02 of 1st period - Jay Beagle wins face-off versus Auston Matthews in BlackHawks zone.
14:24 of 1st period - Shot by Teuvo Teravainen.
14:24 of 1st period - Shot Blocked by Dion Phaneuf.
14:58 of 1st period - Shot by Marcus Johansson.
14:58 of 1st period - Stopped by Carey Price without a rebound.
14:59 of 1st period - Jay Beagle wins face-off versus Tyson Jost in BlackHawks zone.
15:16 of 1st period - Shot by Ron Hainsey.
15:16 of 1st period - Stopped by Carey Price without a rebound.
15:17 of 1st period - Jay Beagle wins face-off versus Tyson Jost in BlackHawks zone.
15:26 of 1st period - Ivan Provorov is hit by Jay Beagle and loses puck.
15:36 of 1st period - Icing by Jakob Silfverberg.
15:37 of 1st period - Scott Laughton wins face-off versus Tyson Jost in Canadiens zone.
15:43 of 1st period - Jakob Silfverberg is hit by Scott Laughton and loses puck.
15:47 of 1st period - Off-side.
15:48 of 1st period - Auston Matthews wins face-off versus Jay Beagle in neutral zone.
15:55 of 1st period - Shot by Teuvo Teravainen.
15:55 of 1st period - Stopped by Carey Price without a rebound.
15:56 of 1st period - Scott Laughton wins face-off versus Auston Matthews in BlackHawks zone.
16:13 of 1st period - Shot by Justin Abdelkader.
16:13 of 1st period - Stopped by Carey Price with a rebound.
16:25 of 1st period - Shot by Anze Kopitar.
16:25 of 1st period - Goal by Anze Kopitar - Canadiens : 2 - BlackHawks : 2.
16:26 of 1st period - Ryan OReilly wins face-off versus Auston Matthews in neutral zone.
16:28 of 1st period - Shea Weber is hit by Alexander Edler and loses puck.
17:34 of 1st period - Icing by Anze Kopitar.
17:35 of 1st period - Anze Kopitar wins face-off versus Tyson Jost in BlackHawks zone.
18:26 of 1st period - Darnell Nurse is hit by Justin Abdelkader and loses puck.
18:39 of 1st period - Shot by Zack Smith.
18:39 of 1st period - Shot Misses the Net.
18:41 of 1st period - Shot by Brian Gibbons.
18:41 of 1st period - Shot Misses the Net.
18:47 of 1st period - Shot by Zack Smith.
18:47 of 1st period - Shot Misses the Net.
18:49 of 1st period - Shot by Brian Gibbons.
18:49 of 1st period - Deflect By Zack Smith.
18:49 of 1st period - Shot Blocked by Brady Skjei.
18:53 of 1st period - Shot by Brian Gibbons.
18:53 of 1st period - Shot Misses the Net.
18:55 of 1st period - Shot by Brian Gibbons.
18:55 of 1st period - Shot Misses the Net.
Goals for this period are 2 for Canadiens vs 2 for BlackHawks.
Shots for this period are 11 for Canadiens vs 5 for BlackHawks.

2nd period


0:01 of 2nd period - Auston Matthews wins face-off versus Ryan OReilly in neutral zone.
0:03 of 2nd period - Jordan Eberle is hit by Dion Phaneuf and loses puck.
1:17 of 2nd period - Shot by Jakob Silfverberg.
1:17 of 2nd period - Deflect By Marcus Johansson.
1:17 of 2nd period - Stopped by Carey Price without a rebound.
1:18 of 2nd period - Anze Kopitar wins face-off versus Zack Smith in BlackHawks zone.
1:22 of 2nd period - Icing by Kyle Palmieri.
1:23 of 2nd period - Zack Smith wins face-off versus Anze Kopitar in BlackHawks zone.
1:43 of 2nd period - Brian Gibbons is hit by Boone Jenner and loses puck.
1:51 of 2nd period - Minor Penalty to Darnell Nurse for Cross-checking.
1:52 of 2nd period - Jay Beagle wins face-off versus Auston Matthews in BlackHawks zone.
3:07 of 2nd period - Shot by Jakob Silfverberg.
3:07 of 2nd period - Stopped by Carey Price without a rebound.
3:08 of 2nd period - Tyson Jost wins face-off versus Scott Laughton in BlackHawks zone.
3:56 of 2nd period - Off-side.
3:57 of 2nd period - Justin Abdelkader wins face-off versus Ryan OReilly in neutral zone.
4:00 of 2nd period - Shot by Brian Gibbons.
4:00 of 2nd period - Shot Misses the Net.
4:02 of 2nd period - Shot by Brian Gibbons.
4:02 of 2nd period - Goal by Brian Gibbons - Canadiens : 3 - BlackHawks : 2.
4:03 of 2nd period - Ryan OReilly wins face-off versus Auston Matthews in neutral zone.
4:34 of 2nd period - Shot by Ryan OReilly.
4:34 of 2nd period - Shot Misses the Net.
4:36 of 2nd period - Shot by Alex Galchenyuk.
4:36 of 2nd period - Stopped by Jonathan Bernier with a rebound.
4:38 of 2nd period - Shot by Alex Galchenyuk.
4:38 of 2nd period - Shot Blocked by Cam Fowler.
4:40 of 2nd period - Shot by Alex Galchenyuk.
4:40 of 2nd period - Shot Misses the Net.
4:42 of 2nd period - Shot by Ryan OReilly.
4:42 of 2nd period - Shot Blocked by Alexander Edler.
5:36 of 2nd period - Icing by Johnny Oduya.
5:37 of 2nd period - Anze Kopitar wins face-off versus Tyson Jost in BlackHawks zone.
5:56 of 2nd period - Icing by Karl Alzner.
5:57 of 2nd period - Anze Kopitar wins face-off versus Nick Shore in BlackHawks zone.
5:57 of 2nd period - Anze Kopitar is hit by Artturi Lehkonen.
6:41 of 2nd period - Shot by Blake Comeau.
6:41 of 2nd period - Stopped by Jonathan Bernier without a rebound.
6:42 of 2nd period - Auston Matthews wins face-off versus Ryan OReilly in Canadiens zone.
7:04 of 2nd period - Shot by Teuvo Teravainen.
7:04 of 2nd period - Stopped by Carey Price without a rebound.
7:05 of 2nd period - Andrew Copp wins face-off versus Tyson Jost in BlackHawks zone.
7:09 of 2nd period - Minor Penalty to Scott Laughton for Delaying the game.
7:10 of 2nd period - Jay Beagle wins face-off versus Tyson Jost in BlackHawks zone.
7:15 of 2nd period - Jakob Silfverberg is hit by Jay Beagle and loses puck.
8:06 of 2nd period - Shea Weber is hit by Auston Matthews and loses puck.
8:11 of 2nd period - Shot by Ivan Provorov.
8:11 of 2nd period - Stopped by Carey Price without a rebound.
8:12 of 2nd period - Auston Matthews wins face-off versus Alex Galchenyuk in BlackHawks zone.
8:29 of 2nd period - Shot by Ivan Provorov.
8:29 of 2nd period - Deflect By Auston Matthews.
8:29 of 2nd period - Stopped by Carey Price without a rebound.
8:30 of 2nd period - Jay Beagle wins face-off versus Tyson Jost in BlackHawks zone.
9:23 of 2nd period - Shot by Kyle Palmieri.
9:23 of 2nd period - Shot Misses the Net.
9:30 of 2nd period - Shot by Boone Jenner.
9:30 of 2nd period - Stopped by Jonathan Bernier without a rebound.
9:31 of 2nd period - Ryan OReilly wins face-off versus Jordan Eberle in Canadiens zone.
9:39 of 2nd period - Alexander Edler is hit by Shea Weber and loses puck.
9:56 of 2nd period - Shot by Auston Matthews.
9:56 of 2nd period - Shot Misses the Net.
9:58 of 2nd period - Shot by Alexander Edler.
9:58 of 2nd period - Stopped by Carey Price with a rebound.
10:32 of 2nd period - Shot by Kyle Palmieri.
10:32 of 2nd period - Stopped by Jonathan Bernier without a rebound.
10:33 of 2nd period - Zack Smith wins face-off versus Chris Tierney in Canadiens zone.
10:33 of 2nd period - Zack Smith is hit by Blake Comeau.
10:50 of 2nd period - Off-side.
10:51 of 2nd period - Anze Kopitar wins face-off versus Tyson Jost in neutral zone.
11:00 of 2nd period - Ivan Provorov is hit by Kyle Palmieri and loses puck.
11:12 of 2nd period - Marcus Johansson is hit by Johnny Oduya.
11:14 of 2nd period - Shot by Jakob Silfverberg.
11:14 of 2nd period - Stopped by Carey Price without a rebound.
11:15 of 2nd period - Chris Tierney wins face-off versus Zack Smith in BlackHawks zone.
11:57 of 2nd period - Off-side.
11:58 of 2nd period - Auston Matthews wins face-off versus Corey Perry in neutral zone.
12:27 of 2nd period - Shot by Auston Matthews.
12:27 of 2nd period - Stopped by Carey Price with a rebound.
13:18 of 2nd period - Shot by Ivan Provorov.
13:18 of 2nd period - Stopped by Carey Price without a rebound.
13:19 of 2nd period - Nick Shore wins face-off versus Chris Tierney in BlackHawks zone.
13:33 of 2nd period - Icing by Jay Beagle.
13:34 of 2nd period - Chris Tierney wins face-off versus Tyson Jost in BlackHawks zone.
13:46 of 2nd period - Jakob Silfverberg is hit by Dion Phaneuf and loses puck.
14:01 of 2nd period - Shot by Chris Tierney.
14:01 of 2nd period - Stopped by Jonathan Bernier without a rebound.
14:02 of 2nd period - Nick Shore wins face-off versus Ryan OReilly in Canadiens zone.
14:06 of 2nd period - Cam Fowler is hit by Darnell Nurse and loses puck.
14:38 of 2nd period - Shot by Nick Shore.
14:38 of 2nd period - Stopped by Carey Price without a rebound.
14:39 of 2nd period - Anze Kopitar wins face-off versus Auston Matthews in BlackHawks zone.
15:03 of 2nd period - Shot by Kyle Palmieri.
15:03 of 2nd period - Shot Misses the Net.
15:05 of 2nd period - Shot by Anze Kopitar.
15:05 of 2nd period - Stopped by Jonathan Bernier without a rebound.
15:06 of 2nd period - Tyson Jost wins face-off versus Chris Tierney in Canadiens zone.
15:06 of 2nd period - Tyson Jost is hit by Blake Comeau.
15:24 of 2nd period - Shot by Marcus Johansson.
15:24 of 2nd period - Shot Misses the Net.
15:26 of 2nd period - Shot by Marcus Johansson.
15:26 of 2nd period - Shot Misses the Net.
15:28 of 2nd period - Shot by Jakob Silfverberg.
15:28 of 2nd period - Shot Misses the Net.
15:33 of 2nd period - Jakob Silfverberg is hit by Johnny Oduya and loses puck.
15:54 of 2nd period - Shot by Auston Matthews.
15:54 of 2nd period - Shot Blocked by Karl Alzner.
15:56 of 2nd period - Shot by Ivan Provorov.
15:56 of 2nd period - Stopped by Carey Price with a rebound.
16:01 of 2nd period - Teuvo Teravainen is hit by Karl Alzner and loses puck.
16:06 of 2nd period - Shot by Jordan Eberle.
16:06 of 2nd period - Stopped by Carey Price without a rebound.
16:07 of 2nd period - Brian Gibbons wins face-off versus Anze Kopitar in BlackHawks zone.
16:38 of 2nd period - Shot by Boone Jenner.
16:38 of 2nd period - Shot Blocked by Alexander Edler.
18:09 of 2nd period - Icing by Karl Alzner.
18:10 of 2nd period - Tyson Jost wins face-off versus Andrew Copp in BlackHawks zone.
18:11 of 2nd period - Shot by Michael Stone.
18:11 of 2nd period - Stopped by Carey Price with a rebound.
18:15 of 2nd period - Shot by Michael Stone.
18:15 of 2nd period - Stopped by Carey Price with a rebound.
18:19 of 2nd period - Shot by Tyson Jost.
18:19 of 2nd period - Stopped by Carey Price without a rebound.
18:20 of 2nd period - Nick Shore wins face-off versus Chris Tierney in BlackHawks zone.
18:24 of 2nd period - Minor Penalty to Shea Weber for Hooking.
18:25 of 2nd period - Tyson Jost wins face-off versus Blake Comeau in BlackHawks zone.
18:25 of 2nd period - Tyson Jost is hit by Dion Phaneuf.
19:13 of 2nd period - Shot by Auston Matthews.
19:13 of 2nd period - Stopped by Carey Price without a rebound.
19:14 of 2nd period - Auston Matthews wins face-off versus Blake Comeau in BlackHawks zone.
Goals for this period are 1 for Canadiens vs 0 for BlackHawks.
Shots for this period are 17 for Canadiens vs 6 for BlackHawks.

3rd period


0:01 of 3rd period - Auston Matthews wins face-off versus Jay Beagle in neutral zone.
0:10 of 3rd period - Shot by Alexander Edler.
0:10 of 3rd period - Shot Blocked by Johnny Oduya.
0:25 of 3rd period - Shot by Auston Matthews.
0:25 of 3rd period - Shot Misses the Net.
0:27 of 3rd period - Shot by Tyson Jost.
0:27 of 3rd period - Stopped by Carey Price without a rebound.
0:28 of 3rd period - Tyson Jost wins face-off versus Anze Kopitar in BlackHawks zone.
0:28 of 3rd period - Tyson Jost is hit by Brady Skjei.
0:34 of 3rd period - Shot by Jakob Silfverberg.
0:34 of 3rd period - Stopped by Carey Price with a rebound.
0:36 of 3rd period - Shot by Jakob Silfverberg.
0:36 of 3rd period - Shot Misses the Net.
0:38 of 3rd period - Shot by Josh Morrissey.
0:38 of 3rd period - Shot Blocked by Darnell Nurse.
0:50 of 3rd period - Shot by Jakob Silfverberg.
0:50 of 3rd period - Stopped by Carey Price with a rebound.
0:52 of 3rd period - Shot by Jakob Silfverberg.
0:52 of 3rd period - Stopped by Carey Price without a rebound.
0:53 of 3rd period - Auston Matthews wins face-off versus Ryan OReilly in BlackHawks zone.
1:06 of 3rd period - Shot by Jordan Eberle.
1:06 of 3rd period - Shot Blocked by Shea Weber.
1:10 of 3rd period - Shot by Teuvo Teravainen.
1:10 of 3rd period - Stopped by Carey Price without a rebound.
1:11 of 3rd period - Zack Smith wins face-off versus Anze Kopitar in BlackHawks zone.
1:18 of 3rd period - Shot by Brian Gibbons.
1:18 of 3rd period - Goal by Brian Gibbons - Canadiens : 4 - BlackHawks : 2.
1:19 of 3rd period - Auston Matthews wins face-off versus Anze Kopitar in neutral zone.
1:29 of 3rd period - Teuvo Teravainen is hit by Dion Phaneuf and loses puck.
2:15 of 3rd period - Cam Fowler is hit by Brady Skjei and loses puck.
2:28 of 3rd period - Shot by Alex Galchenyuk.
2:28 of 3rd period - Stopped by Jonathan Bernier without a rebound.
2:29 of 3rd period - Tyson Jost wins face-off versus Chris Tierney in Canadiens zone.
2:52 of 3rd period - Off-side.
2:53 of 3rd period - Zack Smith wins face-off versus Alex Galchenyuk in neutral zone.
2:58 of 3rd period - Shot by Zack Smith.
2:58 of 3rd period - Shot Misses the Net.
3:00 of 3rd period - Shot by Brian Gibbons.
3:00 of 3rd period - Shot Misses the Net.
3:37 of 3rd period - Minor Penalty to Justin Abdelkader for Hooking.
3:38 of 3rd period - Anze Kopitar wins face-off versus Brian Gibbons in Canadiens zone.
3:38 of 3rd period - Boone Jenner is hit by Alexander Edler and loses puck.
3:41 of 3rd period - Shot by Shea Weber.
3:41 of 3rd period - Shot Blocked by Cam Fowler.
3:43 of 3rd period - Shot by Shea Weber.
3:43 of 3rd period - Shot Misses the Net.
3:45 of 3rd period - Shot by Dion Phaneuf.
3:45 of 3rd period - Shot Misses the Net.
3:47 of 3rd period - Shot by Shea Weber.
3:47 of 3rd period - Stopped by Jonathan Bernier without a rebound.
3:48 of 3rd period - Auston Matthews wins face-off versus Anze Kopitar in Canadiens zone.
3:59 of 3rd period - Shot by Shea Weber.
3:59 of 3rd period - Deflect By Kyle Palmieri.
3:59 of 3rd period - Goal by Kyle Palmieri - Canadiens : 4 - BlackHawks : 3.
4:00 of 3rd period - Chris Tierney wins face-off versus Tyson Jost in neutral zone.
4:15 of 3rd period - Shot by Marcus Johansson.
4:15 of 3rd period - Stopped by Carey Price without a rebound.
4:16 of 3rd period - Anze Kopitar wins face-off versus Auston Matthews in BlackHawks zone.
4:16 of 3rd period - Anze Kopitar is hit by Auston Matthews.
4:39 of 3rd period - Minor Penalty to Jordan Eberle for Hooking.
4:40 of 3rd period - Ryan OReilly wins face-off versus Auston Matthews in Canadiens zone.
4:45 of 3rd period - Shot by Corey Perry.
4:45 of 3rd period - Shot Misses the Net.
4:47 of 3rd period - Shot by Shea Weber.
4:47 of 3rd period - Stopped by Jonathan Bernier without a rebound.
4:48 of 3rd period - Ryan OReilly wins face-off versus Auston Matthews in Canadiens zone.
4:49 of 3rd period - Shot by Dion Phaneuf.
4:49 of 3rd period - Stopped by Jonathan Bernier with a rebound.
5:18 of 3rd period - Corey Perry is hit by Ivan Provorov and loses puck.
5:57 of 3rd period - Shot by Kyle Palmieri.
5:57 of 3rd period - Stopped by Jonathan Bernier with a rebound.
6:15 of 3rd period - Shot by Boone Jenner.
6:15 of 3rd period - Shot Misses the Net.
6:33 of 3rd period - Shot by Shea Weber.
6:33 of 3rd period - Shot Misses the Net.
6:35 of 3rd period - Shot by Shea Weber.
6:35 of 3rd period - Stopped by Jonathan Bernier without a rebound.
6:36 of 3rd period - Zack Smith wins face-off versus Anze Kopitar in Canadiens zone.
6:42 of 3rd period - Minor Penalty to Josh Morrissey for Hooking.
6:43 of 3rd period - Auston Matthews wins face-off versus Anze Kopitar in Canadiens zone.
6:43 of 3rd period - Auston Matthews is hit by Boone Jenner.
6:50 of 3rd period - Icing by Anze Kopitar.
6:51 of 3rd period - Anze Kopitar wins face-off versus Zack Smith in BlackHawks zone.
6:58 of 3rd period - Shot by Kyle Palmieri.
6:58 of 3rd period - Stopped by Jonathan Bernier without a rebound.
6:59 of 3rd period - Ryan OReilly wins face-off versus Auston Matthews in Canadiens zone.
7:14 of 3rd period - Shot by Shea Weber.
7:14 of 3rd period - Shot Misses the Net.
7:16 of 3rd period - Shot by Dion Phaneuf.
7:16 of 3rd period - Shot Misses the Net.
7:18 of 3rd period - Shot by Shea Weber.
7:18 of 3rd period - Shot Blocked by Ivan Provorov.
8:22 of 3rd period - Shot by Brady Skjei.
8:22 of 3rd period - Stopped by Jonathan Bernier without a rebound.
8:23 of 3rd period - Anze Kopitar wins face-off versus Auston Matthews in Canadiens zone.
8:30 of 3rd period - Shot by Boone Jenner.
8:30 of 3rd period - Shot Misses the Net.
8:34 of 3rd period - Shot by Anze Kopitar.
8:34 of 3rd period - Stopped by Jonathan Bernier without a rebound.
8:35 of 3rd period - Ryan OReilly wins face-off versus Auston Matthews in Canadiens zone.
8:56 of 3rd period - Shot by Tyson Jost.
8:56 of 3rd period - Shot Misses the Net.
9:10 of 3rd period - Shot by Blake Comeau.
9:10 of 3rd period - Deflect By Chris Tierney.
9:10 of 3rd period - Shot Misses the Net.
9:12 of 3rd period - Shot by Blake Comeau.
9:12 of 3rd period - Shot Misses the Net.
9:14 of 3rd period - Shot by Blake Comeau.
9:14 of 3rd period - Stopped by Jonathan Bernier without a rebound.
9:15 of 3rd period - Ryan OReilly wins face-off versus Nick Shore in Canadiens zone.
9:41 of 3rd period - Shot by Ryan OReilly.
9:41 of 3rd period - Stopped by Jonathan Bernier without a rebound.
9:42 of 3rd period - Auston Matthews wins face-off versus Anze Kopitar in Canadiens zone.
10:03 of 3rd period - Shot by Auston Matthews.
10:03 of 3rd period - Shot Misses the Net.
10:39 of 3rd period - Jakob Silfverberg is hit by Kyle Palmieri and loses puck.
10:53 of 3rd period - Icing by Dion Phaneuf.
10:54 of 3rd period - Ryan OReilly wins face-off versus Zack Smith in BlackHawks zone.
11:37 of 3rd period - Off-side.
11:38 of 3rd period - Tyson Jost wins face-off versus Chris Tierney in neutral zone.
12:04 of 3rd period - Jay Beagle is hit by Ivan Provorov.
12:19 of 3rd period - Shot by Tyson Jost.
12:19 of 3rd period - Stopped by Carey Price without a rebound.
12:20 of 3rd period - Anze Kopitar wins face-off versus Auston Matthews in BlackHawks zone.
12:25 of 3rd period - Darnell Nurse is hit by Jordan Eberle.
12:50 of 3rd period - Shot by Auston Matthews.
12:50 of 3rd period - Shot Blocked by Kyle Palmieri.
13:12 of 3rd period - Shot by Brian Gibbons.
13:12 of 3rd period - Shot Blocked by Brady Skjei.
13:14 of 3rd period - Shot by Brian Gibbons.
13:14 of 3rd period - Shot Misses the Net.
13:16 of 3rd period - Shot by Brian Gibbons.
13:16 of 3rd period - Stopped by Carey Price without a rebound.
13:17 of 3rd period - Ryan OReilly wins face-off versus Nick Shore in BlackHawks zone.
13:22 of 3rd period - Shot by Alex Galchenyuk.
13:22 of 3rd period - Shot Blocked by Ivan Provorov.
13:40 of 3rd period - Shot by Alex Galchenyuk.
13:40 of 3rd period - Deflect By Corey Perry.
13:40 of 3rd period - Stopped by Jonathan Bernier without a rebound.
13:41 of 3rd period - Andrew Copp wins face-off versus Tyson Jost in Canadiens zone.
14:08 of 3rd period - Shot by Marcus Johansson.
14:08 of 3rd period - Shot Blocked by Karl Alzner.
14:23 of 3rd period - Icing by Josh Morrissey.
14:24 of 3rd period - Ryan OReilly wins face-off versus Jakob Silfverberg in Canadiens zone.
14:35 of 3rd period - Shot by Corey Perry.
14:35 of 3rd period - Stopped by Jonathan Bernier without a rebound.
14:36 of 3rd period - Auston Matthews wins face-off versus Kyle Palmieri in Canadiens zone.
15:00 of 3rd period - Ivan Provorov is hit by Boone Jenner and loses puck.
15:11 of 3rd period - Shot by Shea Weber.
15:11 of 3rd period - Stopped by Jonathan Bernier without a rebound.
15:12 of 3rd period - Zack Smith wins face-off versus Corey Perry in Canadiens zone.
15:39 of 3rd period - Shot by Justin Abdelkader.
15:39 of 3rd period - Shot Blocked by Darnell Nurse.
15:51 of 3rd period - Shot by Zack Smith.
15:51 of 3rd period - Shot Misses the Net.
16:18 of 3rd period - Shot by Tyson Jost.
16:18 of 3rd period - Shot Blocked by Brady Skjei.
16:20 of 3rd period - Shot by Josh Morrissey.
16:20 of 3rd period - Stopped by Carey Price without a rebound.
16:21 of 3rd period - Boone Jenner wins face-off versus Auston Matthews in BlackHawks zone.
16:21 of 3rd period - Boone Jenner is hit by Jordan Eberle.
16:48 of 3rd period - Shot by Auston Matthews.
16:48 of 3rd period - Shot Misses the Net.
17:34 of 3rd period - Shot by Blake Comeau.
17:34 of 3rd period - Stopped by Jonathan Bernier with a rebound.
17:36 of 3rd period - Shot by Karl Alzner.
17:36 of 3rd period - Shot Hit the Post.
17:38 of 3rd period - Shot by Chris Tierney.
17:38 of 3rd period - Stopped by Jonathan Bernier without a rebound.
17:39 of 3rd period - Tyson Jost wins face-off versus Andrew Copp in Canadiens zone.
18:38 of 3rd period - Shot by Justin Abdelkader.
18:38 of 3rd period - Deflect By Brian Gibbons.
18:38 of 3rd period - Stopped by Carey Price with a rebound.
19:26 of 3rd period - BlackHawks, Carey Price is pulled from the net.
19:30 of 3rd period - Shot by Kyle Palmieri.
19:30 of 3rd period - Shot Misses the Net.
Goals for this period are 1 for Canadiens vs 1 for BlackHawks.
Shots for this period are 11 for Canadiens vs 17 for BlackHawks.